 Dungeon Crawl Stone Soup version 0.32-a0-643-ga006e7742e (webtiles) character file.

Game seed: 2435489605365735612

23 ytrimaz the Firebug (level 2, 8/19 HPs)
             Began as a Coglin Fire Elementalist on Mar 8, 2024.
             Quit the game on level 1 of the Dungeon.
             The game lasted 00:02:23 (1085 turns).

ytrimaz the Firebug (Coglin Fire Elementalist)      Turns: 1085, Time: 00:02:24

Health: 8/19       AC:  2    Str:  8    XL:     2   Next: 95%
Magic:  4/5        EV: 12    Int: 14    God:
Gold:   76         SH:  0    Dex: 14    Spells: 2/5 levels left

rFire   . . .        (no weapon)
rCold   . . .        (no shield)
rNeg    . . .        a - +0 robe
rPois   .            (no helmet)
rElec   .            (no cloak)
rCorr   .            (no gloves)
SInv    .            (no boots)
Will    .....        (amulet unavailable)
Stlth   ++           (ring unavailable)
HPRegen 0.23/turn    (ring unavailable)
MPRegen 0.09/turn    (no gizmo)

%: no passive effects
@: revved
A: off-hand wielding, slow wielding, warmup strikes, no jewellery
a: Invent Gizmo


You were on level 1 of the Dungeon.
You visited 1 branch of the dungeon, and saw 1 of its levels.

You collected 76 gold pieces.


Innate Abilities, Weirdness & Mutations

You can wield a second weapon in your off-hand.
It takes a long time for you to wield or remove held weapons.
Your first few attacks do less damage.
You cannot equip rings or amulets.


   Skills:
 + Level 2.1 Dodging
 + Level 1.9 Stealth
 + Level 2.0 Spellcasting
 + Level 1.3 Conjurations
 + Level 2.9 Fire Magic


You had 2 spell levels left.
You knew the following spells:

 Your Spells              Type           Power      Damage    Failure   Level
a - Foxfire               Conj/Fire      28%        2x1d5     10%         1
b - Scorch                Fire           18%        2d5       11%         2

Your spell library contained the following spells:

 Spells                   Type           Power      Damage    Failure   Level
 Inner Flame              Hex/Fire       5%         N/A       36%         3
 Volatile Blastmotes      Fire/Tloc      10%        2d10      36%         3
 Flame Wave               Conj/Fire      7%         2d5       69%         4

Inventory:

Armour
 a - a +0 robe (worn)
Scrolls
 f - a scroll of identify {unknown}
Potions
 b - a potion of magic
 c - a potion of resistance {unknown}
 d - a potion of degeneration {unknown}
 e - a potion of heal wounds {unknown}

Dungeon Overview and Level Annotations

Branches:
Dungeon (1/15) Zot: 4912

Altars:

Shops:
D:1

[ #.#.#.##.# .#
#.#.#.##.# ..#
#.#†#.##.# #.# #.#.##.#
...# #.#.##.# ..####
#.#.##.# ..##...
#.#)##†#
#.##.#.#########.#.##.#
..≈~~..~≈......K@#.##.#
.♣.~..~..~########.##†##
≈~~~≈.~................#
.≈~..~.....#######.#####
..♣~.#~~♣~...# #.#
..~~.~~♣~.##.# #.#
.~~...≈#####.# #.#
...~~~.≈...#.## #.#
###.~~~~≈~.#..# #.#


You could see a kobold.


Message History

A quokka comes into view. 😎 MP[+3]
Your mp is fully restored (5).
A quokka is nearby!
A quokka is nearby!
A quokka is nearby!
A quokka is nearby!
You conjure some foxfire! 😎 MP[-1]
You lost 1 mp, and now have 4/5 mp.
The foxfire hits the quokka.
You see here a giant cockroach corpse.
You conjure some foxfire! 😎 MP[-1]
You lost 1 mp, and now have 3/5 mp.
The foxfire hits the quokka.
You kill the quokka!
Unknown command.
You see here a giant cockroach corpse.
You see here a quokka corpse.
e - a sedimented red potion 😎 MP[+2]
Your mp is fully restored (5).
f - a scroll labelled OXKUTZ NUOTI
Found Duteps's Armour Shop.
A bat comes into view.
A bat is nearby!
A bat is nearby!
You conjure some foxfire! 😎 MP[-1]
You lost 1 mp, and now have 4/5 mp.
The foxfire hits the bat.
You kill the bat!
You conjure some foxfire! 😎 MP[-1]
You lost 1 mp, and now have 3/5 mp.
There is an entrance to Duteps's Armour Shop here.
Press: ? - help, v - describe, . - travel A translucent stone wall.
You now have 76 gold pieces (gained 12).
You see here a bat corpse.
A kobold comes into view.
It is wielding a +0 short sword. 😎 MP[+2]
Your mp is fully restored (5).
Unknown command.
The helpless kobold fails to defend itself.
You hit the kobold. The kobold barely misses you.
Unknown command.
You conjure some foxfire!
The kobold hits you with a +0 short sword.
Unknown command. 😕 HP[-2] MP[-1]
You take 2 damage, and now have 17/19 hp.
You lost 1 mp, and now have 4/5 mp.
There is not enough space to conjure foxfire!
Unknown command.
Unknown command.
The foxfire hits the kobold but does no damage.
The kobold attacks as it pursues you!
The kobold hits you with a +0 short sword. 😕 HP[-2]
You take 2 damage, and now have 15/19 hp.
Unknown command.
Unknown command.
You conjure some foxfire!
The kobold hits you with a +0 short sword. 😮 HP[-1] MP[-1]
You take 1 damage, and now have 14/19 hp.
You lost 1 mp, and now have 3/5 mp.
Unknown command.
You hit the kobold but do no damage.
The foxfire hits the kobold.
The kobold hits you with a +0 short sword. 😮 HP[-3]
You take 3 damage, and now have 11/19 hp.
You closely miss the kobold. The kobold barely misses you.
Unknown command.
You closely miss the kobold. The kobold hits you but does no damage.
You hit the kobold but do no damage.
The kobold barely misses you. 😮 HP[+1] Unknown command.
You closely miss the kobold. The kobold closely misses you.
You barely miss the kobold. The kobold closely misses you.
Unknown command.
You barely miss the kobold. The kobold barely misses you.
You barely miss the kobold.
The kobold hits you with a +0 short sword. 😮 HP[-1] MP[+1]
You take 1 damage, and now have 11/19 hp.
You hit the kobold but do no damage.
The kobold hits you with a +0 short sword.
* * * LOW HITPOINT WARNING * * *
Unknown command. 😨 HP[-2]
You take 2 damage, and now have 9/19 hp.
You closely miss the kobold.
The kobold hits you with a +0 short sword.
* * * LOW HITPOINT WARNING * * *
😨 HP[-1]
You take 1 damage, and now have 8/19 hp.
Are you sure you want to abandon this character and quit the game? (Confirm with "yes".)

Skill      XL: |  1  2 |
---------------+-------+-----
Conjurations   | 1 |  1.3
Dodging        | 2 |  2.1
Spellcasting   | 2 |  2.0
Stealth        | |  1.9
Fire Magic     | |  2.9

Action                     || total
---------------------------++-------
  Melee: Unarmed           ||    47
         Punch             ||     1
   Cast: Foxfire           ||    42
   Stab: Sleeping          ||     1
 Armour: Robe              ||    38
  Dodge: Dodged            ||    38

Levels and vault maps discovered:
D:1:      amcnicky_arrival_double_pillar, layout_basic, serial_shops,
          nicolae_shop_mannequins, chequers_serial_rivers_marsh

Notes
Turn   | Place    | Note
-------+----------+-------------------------------------------
     0 | D:1      | ytrimaz the Coglin Fire Elementalist began the quest for
                  | the Orb.
     0 | D:1      | Reached XP level 1. HP: 13/13 MP: 3/3
     0 | D:1      | magus.rc [v1.9.6]
   116 | D:1      | Reached skill level 1 in Conjurations
   254 | D:1      | Reached XP level 2. HP: 18/19 MP: 1/4
   362 | D:1      | Reached skill level 2 in Dodging
   652 | D:1      | Reached skill level 2 in Spellcasting
   776 | D:1      | Learned a level 2 spell: Scorch
  1025 | D:1      | Identified +0 gold dragon scales
  1025 | D:1      | Noticed an animated gold dragon scales
  1027 | D:1      | Found Duteps's Armour Shop.
  1027 | D:1      | Noticed an animated storm dragon scales
  1085 | D:1      | Quit the game

Vanquished Creatures
  2 ball pythons (D:1)
  An endoplasm (D:1)
  2 giant cockroaches (D:1)
  2 goblins (D:1)
  4 hobgoblins (D:1)
  2 quokkas (D:1)
  3 bats (D:1)
  A frilled lizard (D:1)
  A kobold (D:1)
  A rat (D:1)
19 creatures vanquished.

Vanquished Creatures (others)
  55 foxfires (D:1)
55 creatures vanquished.

Grand Total: 74 creatures vanquished

Table legend:
 A = Non-vault XP
 B = Vault XP
 C = Vault XP percentage of total XP
 D = Non-vault monster count
 E = Vault monster count
 F = Vault count percentage of total count
                 A         B        C        D         E       F
            +---------+---------+-------+---------+---------+-------
      Total |      33 |       0 |   0.0 |      19 |       0 |   0.0
            +---------+---------+-------+---------+---------+-------
        D:1 |      33 |       0 |   0.0 |      19 |       0 |   0.0
            +---------+---------+-------+---------+---------+-------

Skill      XL: |  1  2 |
---------------+-------+-----
Conjurations   | 1 |  1.3
Dodging        | 2 |  2.1
Spellcasting   | 2 |  2.0
Stealth        | |  1.9
Fire Magic     | |  2.9

Action                     || total
---------------------------++-------
  Melee: Unarmed           ||    47
         Punch             ||     1
   Cast: Foxfire           ||    42
   Stab: Sleeping          ||     1
 Armour: Robe              ||    38
  Dodge: Dodged            ||    38

Illustrated notes

Table legend:
 A = Kills in this place as a percentage of kills in the entire game.
 B = Kills by you in this place as a percentage of kills by you in the entire game.
 C = Kills by friends in this place as a percentage of kills by friends in the entire game.
 D = Other kills in this place as a percentage of other kills in the entire game.
 E = Experience gained in this place as a percentage of experience gained in the entire game.
 F = Experience gained in this place divided by the number of levels of this place that you have seen.
                   A       B       C       D       E      F
               +-------+-------+-------+-------+-------+----------------------
         Total | 100.0 | 100.0 |   N/A |   N/A | 100.0 |  33.0
       Dungeon | 100.0 | 100.0 |   N/A |   N/A | 100.0 |  33.0
               +-------+-------+-------+-------+-------+----------------------

Table legend: (Time is in decaauts)
 A = Elapsed time spent in this place.
 B = Non-inter-level travel time spent in this place.
 C = Inter-level travel time spent in this place.
 D = Time resting spent in this place.
 E = Time spent auto-exploring this place.
 F = Levels seen in this place.
 G = Mean time per level.
                   A        B        C        D        E       F      G
               +--------+--------+--------+--------+--------+-----+--------+
         Total |   1087 |   1087 |      0 |      0 |    843 |   1 | 1087.0 |
       Dungeon |   1087 |   1087 |      0 |      0 |    843 |   1 | 1087.0 |
               +--------+--------+--------+--------+--------+-----+--------+

Top non-repeatable levels by time:
     D:1: 1087 daAuts
